 Dungeon Crawl Stone Soup version 0.17-a0-2109-g117576f (webtiles) character file.

643 Kidiri the Poker (level 7, -5/55 HPs)
             Began as a Merfolk Gladiator on Oct 19, 2015.
             Slain by Sigmund
             ... wielding a +1 scythe of venom
              (11 damage)
             ... on level 4 of the Dungeon.
             The game lasted 00:19:42 (6828 turns).

Kidiri the Poker (Merfolk Gladiator)                Turns: 6828, Time: 00:19:43

Health: -5/55      AC:  8    Str: 16    XL:     7   Next: 51%
Magic:  7/7        EV:  9    Int:  8    God:
Gold:   173        SH: 12    Dex: 15    Spells: 0 memorised, 6 levels left

rFire  . . .     SeeInvis .     t - +2 trident (curse)
rCold  + . .     Clarity  .     g - +0 ring mail
rNeg   . . .     SustAt   .     j - +0 large shield
rPois  .         Gourm    .     c - +0 helmet
rElec  .         Spirit   .     l - +0 cloak
rCorr  .         Warding  .     (no gloves)
rMut   .         Stasis   .     k - +0 pair of boots
MR     .....                    e - amulet of faith
Stlth  ++........               (no ring)
                                n - ring of protection from cold

@: lethally poisoned (-5 -> -12), not resistant to hostile enchantments,
unstealthy
A: change form in water, swift swim
a: no special abilities


You were on level 4 of the Dungeon.
You were hungry.

You visited 1 branch of the dungeon, and saw 4 of its levels.
You also visited: Sewer.

You collected 173 gold pieces.

Inventory:

Hand Weapons
 a - a +0 trident
 t - a cursed +2 trident (weapon)
Armour
 c - a +0 helmet (worn)
 g - a +0 ring mail (worn)
 j - a +0 large shield (worn)
 k - a +0 pair of boots (worn)
 l - a +0 cloak (worn)
Jewellery
 e - an amulet of faith (around neck)
 n - a ring of protection from cold (left hand)
Scrolls
 i - 2 scrolls of fear
 o - a scroll of fog
 p - a scroll of recharging {unknown}
 r - 2 scrolls of teleportation
Potions
 b - a potion of magic
 d - 3 potions of brilliance
 f - a potion of might
 m - a potion of invisibility
Comestibles
 h - a chunk of flesh
 q - 2 bread rations
 s - a meat ration


   Skills:
 * Level 4.9 Fighting
 + Level 5.7 Polearms
 + Level 3.5 Throwing
 + Level 1.8 Armour
 + Level 5.4 Dodging
 + Level 3.0 Stealth
 + Level 2.2 Shields


You had 6 spell levels left.
You didn't know any spells.

Dungeon Overview and Level Annotations

Branches:
Dungeon (4/15)
 Temple: D:4-7

Altars:
Gozag

Annotations:
D:4 Sigmund


Message History

You closely miss something.
You feel sick.
You closely miss something.
You feel less confused.
You feel sick. Something hits you!
You puncture something!
You feel sick. Something hits you.
You closely miss something.
You feel sick. Something hits you!
* * * LOW HITPOINT WARNING * * *
You miss something.
You feel sick.
Drink which item? (? for menu, Esc to quit)
Okay, then.
You hit something.
You feel sick. Something hits you!
* * * LOW HITPOINT WARNING * * *
Unknown command.
You completely miss something.
* * * LOW HITPOINT WARNING * * *
You feel sick. You block its attack.
Unknown command.
Your shield prevents you from hitting something.
Something hits you!
You die...

***#######>####.....#####
*#.###.####.........#
*,#.............###.#
***#.###.####.....# #.#
*,.....#.####.....# #[#
#.##.#.#...##########.#
#,#..#%###.≈≈≈≈≈≈≈.≈#.#
#.#.##{# #.##########.#
#.#.##@# #.<.....##..[.
#......# #.......##...#
####.#### #..........#..
#.......# #.......##....
#.##.#..# #.......##....
#.##.#..# #.......###...
#.##.#..# ########......
#.##.#..# #####.##.#.
#.......# #..........


There were no monsters in sight!

Vanquished Creatures
  Menkaure (D:4)
  An ogre (D:3)
  3 wights (D:4)
  Crazy Yiuf (D:3)
  An orc priest (D:3)
  An iguana (D:2)
  A worker ant (D:2)
  A mummy (D:4)
  11 adders
  3 worms
  6 orcs (D:3)
  5 ball pythons
  12 bats
  2 giant cockroaches (D:1)
  6 goblins
  12 hobgoblins
  7 jackals
  15 kobolds
  A giant gecko (D:2)
  8 giant newts
  2 quokkas (D:2)
  6 rats
  A bush (D:3)
  4 fungi (D:3)
111 creatures vanquished.

Notes
Turn   | Place    | Note
--------------------------------------------------------------
     0 | D:1      | Kidiri the Merfolk Gladiator began the quest for the Orb.
     0 | D:1      | Reached XP level 1. HP: 16/16 MP: 1/1
   255 | D:1      | Reached XP level 2. HP: 21/23 MP: 2/2
  1067 | D:1      | Reached skill level 1 in Stealth
  1067 | D:1      | Reached XP level 3. HP: 28/28 MP: 3/3
  2223 | D:2      | Reached XP level 4. HP: 25/35 MP: 4/4
  2607 | D:2      | Reached skill level 1 in Shields
  2844 | D:2      | Found an opulent altar of Gozag.
  2904 | D:2      | Reached XP level 5. HP: 10/42 MP: 5/5
  3894 | D:3      | Reached skill level 5 in Polearms
  4214 | D:3      | Reached skill level 1 in Armour
  4683 | D:3      | Noticed an ogre
  4684 | D:3      | Reached XP level 6. HP: 48/48 MP: 6/6
  4701 | D:3      | Killed an ogre
  5325 | D:3      | Noticed Crazy Yiuf
  5369 | D:3      | Killed Crazy Yiuf
  5369 | D:3      | Reached skill level 5 in Dodging
  5550 | D:4      | Noticed Menkaure
  5789 | D:4      | HP: 2/49 [Menkaure (10)]
  5792 | D:4      | Killed Menkaure
  5792 | D:4      | Reached XP level 7. HP: 3/55 MP: 7/7
  5821 | D:4      | Found a glowing drain.
  5831 | Sewer    | Entered a sewer
  6812 | D:4      | Noticed Sigmund
  6828 | D:4      | Slain by Sigmund

Vault maps used:
D:1:      lightli_arrival_statue_moat, due_unseen_surprise
D:2:      nicolae_gozag_seed_capital, kennysheep_boxes
D:3:      uniq_crazy_yiuf_cottage
D:4:      portal_sewer_entry_d, gup_ossuary_entry_pyramid, first_bread,
          uniq_menkaure, uniq_sigmund, uniq_edmund
Sewer:    sewer_co_cracked_pipes

Action                   |  1- 3 |  4- 6 |  7- 9 || total
-------------------------+-------+-------+-------++-------
Melee: Trident           |   168 |   416 |    80 ||   664
Throw: Throwing net      |     8 |     9 |       ||    17
  Use: Scroll            |     3 |     4 |     3 ||    10
       Potion            |       |     3 |       ||     3
 Stab: Held in net/web   |     4 |     4 |       ||     8
       Sleeping          |       |     1 |     3 ||     4
  Eat: Bread ration      |     1 |     1 |       ||     2
       Chunk             |       |     6 |     3 ||     9
       Beef jerky        |       |     1 |       ||     1
